 Dungeon Crawl Stone Soup version 0.17.0-28-g6e173f8 (webtiles) character file.

802 Eptagon the Martial Artist (level 7, 0/46 HPs)
             Began as an Octopode Monk on Nov 25, 2015.
             Slain by an orc
             ... wielding a +2 dagger of protection
              (4 damage)
             ... on level 5 of the Dungeon.
             The game lasted 00:09:02 (3672 turns).

Eptagon the Martial Artist (Octopode Monk)          Turns: 3672, Time: 00:09:03

Health: 0/46       AC:  1    Str: 10    XL:     7   Next: 91%
Magic:  7/7        EV: 13    Int: 13    God:
Gold:   163        SH:  0    Dex: 16    Spells: 0 memorised, 6 levels left

rFire  . . .     SeeInvis .       - Unarmed
rCold  . . .     Clarity  .     (no shield)
rNeg   . . .     SustAt   .     (helmet restricted)
rPois  .         Gourm    .     (no amulet)
rElec  .         Spirit   .     r - ring of stealth
rCorr  .         Warding  .     (no ring)
rMut   .         Stasis   .     (no ring)
MR     .....                    (no ring)
Stlth  ++++......               (no ring)
                                (no ring)
                                (no ring)
                                (no ring)

@: not resistant to hostile enchantments, stealthy
A: almost no armour, amphibious, 8 rings, constrict 8, camouflage 1, gelatinous
body 1
a: no special abilities


You were on level 5 of the Dungeon.
You were not hungry.

You visited 1 branch of the dungeon, and saw 5 of its levels.

You collected 163 gold pieces.

Inventory:

Missiles
 l - 16 poisoned needles
Jewellery
 r - a ring of stealth (left tentacle)
Scrolls
 e - a scroll of random uselessness {unknown}
 f - a scroll of enchant armour {unknown}
 h - 2 scrolls of amnesia {unknown}
 i - a scroll of magic mapping {unknown}
 j - a scroll of fear {unknown}
 m - a scroll of teleportation {unknown}
 p - a scroll of immolation {unknown}
 t - a scroll of remove curse {unknown}
 v - a scroll of identify
Potions
 c - a potion of cancellation
 g - a potion of cure mutation
 k - a potion of curing
 n - a potion of resistance
 o - a potion of heal wounds {unknown}
 q - a potion of might
 s - a potion of degeneration {unknown}
Comestibles
 a - 2 bread rations
 b - 2 meat rations
 d - a fruit
 u - a beef jerky


   Skills:
 + Level 3.4 Fighting
 - Level 3.0 Dodging
 - Level 2.6 Stealth
 * Level 9.3 Unarmed Combat


You had 6 spell levels left.
You didn't know any spells.

Dungeon Overview and Level Annotations

Branches:
Dungeon (5/15)
 Temple: D:4-7

Altars:
Zin


Innate Abilities, Weirdness & Mutations

You cannot wear most types of armour.
You are amphibious.
You can wear up to eight rings at the same time.
You can use your tentacles to constrict eight enemies at once.
Your skin changes colour to match your surroundings (Stealth).
Your rubbery body absorbs attacks (AC +1).


Message History

The orc misses you.
The orc wizard hits you but does no damage.
You tentacle-slap the orc wizard.
The orc wizard is almost dead.
You constrict the orc wizard. The orc closely misses you. The orc hits you.
You tentacle-slap the orc wizard.
You kill the orc wizard!
The orc hits you with a dagger of protection.
* * * LOW HITPOINT WARNING * * *
You tentacle-slap the orc but do no damage.
You grab the orc.
You constrict the orc, but do no damage.
The orc hits you.
* * * LOW HITPOINT WARNING * * *
The orc hits you with a dagger of protection.
* * * LOW HITPOINT WARNING * * *
You bludgeon the orc! You squeeze the orc.
You kill the orc!
The orc hits you with a dagger of protection.
You die...

######### #.......#
#.....!.# #..%....#
#.......# #$..o)).#
#....@[.#
##.###....... #. #.#
####### ..## #.# ..
#......###.### #.#
##............## .>#
# .
#...........#..###.#
.## #.
#.......#.#.....#..#
..##..
#.......#...##....##
#.....


You could see an orc.

Vanquished Creatures
  2 ogres (D:4)
  A sky beast (D:5)
  A giant frog (D:5)
  A scorpion (D:4)
  A crimson imp (D:5)
  An orc priest (D:5)
  A worker ant (D:5)
  5 orc wizards
  2 iguanas
  5 adders
  2 worms
  20 orcs
  A ball python (D:3)
  8 bats
  7 goblins
  6 hobgoblins
  4 jackals (D:3)
  9 kobolds
  6 quokkas
  5 giant cockroaches
  4 giant geckos
  4 giant newts
  A quokka skeleton (D:4)
  5 rats
102 creatures vanquished.

Notes
Turn   | Place    | Note
--------------------------------------------------------------
     0 | D:1      | Eptagon the Octopode Monk began the quest for the Orb.
     0 | D:1      | Reached XP level 1. HP: 16/16 MP: 1/1
    69 | D:1      | Reached XP level 2. HP: 21/21 MP: 2/2
   627 | D:2      | Reached XP level 3. HP: 26/26 MP: 3/3
   715 | D:2      | Reached skill level 5 in Unarmed Combat
  1133 | D:2      | Found a glowing silver altar of Zin.
  1217 | D:2      | Reached XP level 4. HP: 31/31 MP: 4/4
  1316 | D:3      | Reached skill level 6 in Unarmed Combat
  1486 | D:3      | Reached XP level 5. HP: 36/36 MP: 5/5
  2377 | D:4      | Reached skill level 7 in Unarmed Combat
  2377 | D:4      | Reached XP level 6. HP: 42/42 MP: 6/6
  2554 | D:4      | Noticed an ogre
  2571 | D:4      | Killed an ogre
  2571 | D:4      | Reached skill level 8 in Unarmed Combat
  2571 | D:4      | Reached XP level 7. HP: 7/46 MP: 7/7
  3101 | D:5      | Entered Level 5 of the Dungeon
  3351 | D:5      | Reached skill level 9 in Unarmed Combat
  3672 | D:5      | Slain by an orc

Action                   |  1- 3 |  4- 6 |  7- 9 || total
-------------------------+-------+-------+-------++-------
Melee: Unarmed           |    70 |    96 |    55 ||   221
  Use: Scroll            |     1 |     2 |     1 ||     4
       Potion            |       |       |     2 ||     2
 Stab: Sleeping          |    22 |     9 |     3 ||    34
       Distracted        |       |     1 |     1 ||     2
  Eat: Chunk             |     1 |     4 |     4 ||     9
